 Dungeon Crawl Stone Soup version 0.24.0-13-gcf9b319 (webtiles) character file.

Game seed: 13990192518988856127, levelgen mode: deterministic

10631 Fortress the Cleaver (level 11, -3/100 HPs)
             Began as a Minotaur Abyssal Knight on Jan 11, 2020.
             Was the Champion of Lugonu.
             Shot with a bolt by an orc knight (19 damage)
             ... on level 1 of the Orcish Mines.
             The game lasted 00:47:40 (10077 turns).

Fortress the Cleaver (Minotaur Abyssal Knight)     Turns: 10077, Time: 00:47:40

Health: -3/100     AC: 17    Str: 19    XL:     11   Next: 38%
Magic:  10/11      EV: 12    Int:  9    God:    Lugonu [******]
Gold:   888        SH:  0    Dex: 11    Spells: 10/10 levels left

rFire    + . .     SeeInvis +   s - +12 war axe "Xocwi" {chop, SInv}
rCold    + . .     Gourm    .   (no shield)
rNeg     . . .     Faith    +   S - +2 scale mail {rF+}
rPois    +         Spirit   .   (helmet restricted)
rElec    .         Reflect  .   L - +1 cloak {+Inv}
rCorr    .         Harm     .   w - +0 pair of gloves
MR       .....                  h - +2 pair of boots
Stlth    ..........             G - amulet of faith
HPRegen  0.26/turn              J - ring of poison resistance
MPRegen  0.12/turn              q - ring of protection from cold

@: very slightly contaminated
A: retaliatory headbutt, horns 2
a: Depart the Abyss, Bend Space, Banish, Corrupt, Enter the Abyss, Brand Weapon
With Distortion, Renounce Religion, Evoke Invisibility


You were on level 1 of the Orcish Mines.
You worshipped Lugonu.
Lugonu was exalted by your worship.
You were very hungry.

You visited 3 branches of the dungeon, and saw 12 of its levels.
You visited the Abyss 1 time.
You also visited: Ossuary.

You collected 1293 gold pieces.
You spent 405 gold pieces at shops.

Inventory:

Hand Weapons
 s - the +12 war axe "Xocwi" (weapon) {chop, SInv}
   (You found it on level 4 of the Dungeon)

   It inflicts extra damage upon your enemies.
   It lets you see invisible.
 B - the +5 hunting sling of Flawed Execution {venom, Str+5}
   (You found it on level 5 of the Dungeon)

   It poisons the ammo it fires.
   It affects your strength (+5).
Missiles
 g - 17 poisoned darts
 C - 104 stones (quivered)
Armour
 h - a +2 pair of boots (worn)
 v - a +0 robe of magic resistance
 w - a +0 pair of gloves (worn)
 L - a +1 cloak of invisibility (worn)
 S - a +2 scale mail of fire resistance (worn)
 T - a +0 troll leather armour
Magical Staves
 n - an uncursed staff of wizardry
Jewellery
 k - an uncursed ring of wizardry
 q - a ring of protection from cold (right hand)
 G - an amulet of faith (around neck)
 J - a ring of poison resistance (left hand)
Wands
 i - a wand of clouds (3)
 D - a wand of iceblast (4)
 K - a wand of polymorph (5)
 P - a wand of paralysis (9)
Scrolls
 a - 2 scrolls of blinking {unknown}
 j - 2 scrolls of enchant weapon
 m - 5 scrolls of remove curse
 o - a scroll of immolation
 r - 2 scrolls of teleportation
 y - 2 scrolls of amnesia
 A - a scroll of magic mapping
 E - a scroll of fog
 F - a scroll of enchant armour {unknown}
 I - a scroll of silence {unknown}
 M - a scroll of fear
 N - a scroll of holy word
Potions
 b - a potion of brilliance {unknown}
 d - 3 potions of resistance
 e - a potion of cancellation {unknown}
 f - a potion of mutation
 l - 6 potions of curing
 p - 2 potions of might
 t - 3 potions of lignification
 u - 2 potions of agility
 z - a potion of haste {unknown}
 H - 2 potions of magic {unknown}
 O - a potion of flight {unknown}
Miscellaneous
 R - a lightning rod (4/4)
Comestibles
 c - 15 rations


   Skills:
 + Level 10.2 Fighting
   Level 5.0 Long Blades
 + Level 14.7 Axes
 + Level 8.6 Armour
 + Level 6.2 Dodging
 + Level 2.1 Invocations


You had 10 spell levels left.
You didn't know any spells.
Your spell library contained the following spells:

 Spells                   Type           Power        Failure   Level  Hunger
 Magic Dart               Conj           #...         71%         1    ##.....
 Searing Ray              Conj           #.....       83%         2    ###....
 Dazzling Spray           Conj/Hex       #.....       97%         3    ####...
 Force Lance              Conj/Tloc      #.......     100%        4    #####..
 Fulminant Prism          Conj/Hex       #.........   100%        4    #####..
 Iskenderun's Mystic Bla  Conj           #.......     100%        4    #####..


Dungeon Overview and Level Annotations

Branches:
Dungeon (9/15)             Temple (1/1) D:5             Orc (2/2) D:9
    Elf (0/3) Orc:2       Ossuary (visited)
   Lair: D:8-11

Altars:
Ashenzari
Cheibriados
Dithmenos
Elyvilon
Fedhas
Gozag
Hepliaklqana
Kikubaaqudgha
Makhleb
Nemelex Xobeh
Okawaru
Qazlal
Ru
Sif Muna
Trog
Uskayaw
Vehumet
Wu Jian
Xom
Yredelemnul
Zin
The Shining One

Shops:
D:7 *!?:


Innate Abilities, Weirdness & Mutations

You reflexively headbutt those who attack you in melee.
You have a pair of horns on your head.


Message History

You closely miss the orc knight.
The orc knight is lightly wounded.
The orc knight hits you with a +0 glaive!
* * * LOW HITPOINT WARNING * * *
You feel much better.
The orc knight hits you with a +0 glaive!
You closely miss the orc knight.
The orc knight is lightly wounded.
You hit the orc knight.
The orc knight is lightly wounded.
The orc knight hits you with a +0 glaive!
* * * LOW HITPOINT WARNING * * *
Space bends around you!
You blink.
You fail to use your ability.
The orc knight unwields a +0 glaive.
The orc knight wields a +0 arbalest.
The orc knight shoots a bolt.
The bolt hits you!
* * * LOW HITPOINT WARNING * * *
You fail to use your ability.
You feel better.
The orc knight shoots a bolt.
The bolt hits you!!
You die...

..#..............#
.................#
........>........#
................##
................##
.................#
......^......o...#
............>....#
##..[.[....)....@#
.#...............#
###..[..........##
#...........#....#
.....#..........##
#.....##.#......#
###.............##
####.............#
#.#.#...........##


You could see an orc knight.

Vanquished Creatures
  Urug (Orc:1)
  An unseen horror (D:7)
  Maurice (D:8)
  2 trolls
  A hornet (D:7)
  A hippogriff (D:8)
  5 yaks (D:9)
  3 wargs
  2 soldier ants (D:9)
  A water moccasin (D:7)
  17 orc warriors
  2 phantoms
  2 sky beasts
  A black bear (D:7)
  An ice beast (D:7)
  A necrophage (D:8)
  5 centaurs
  4 ogres
  A crocodile (D:8)
  A big kobold (D:9)
  6 elf zombies (Ossuary)
  9 bullfrogs
  2 gnoll sergeants (D:9)
  2 scorpions
  5 killer bees (D:9)
  8 wights
  A howler monkey (D:6)
  8 crimson imps
  3 centaur zombies
  2 bullfrog zombies
  4 gnoll shamans
  3 hounds
  6 orc priests
  Crazy Yiuf (D:7)
  2 human zombies (Ossuary)
  2 jellies
  7 orc wizards
  3 bullfrog skeletons
  3 iguanas (D:9)
  9 worker ants
  A big kobold zombie (Ossuary)
  2 hound skeletons
  2 hound zombies (Ossuary)
  3 mummies (Ossuary)
  A worker ant zombie (D:8)
  Robin (D:3)
  14 gnolls
  A howler monkey skeleton (D:6)
  7 adders
  A shadow imp (D:5)
  An ufetubus (Abyss:1)
  An ooze (D:1)
  An adder skeleton (D:5)
  7 worms
  3 leopard geckos
  57 orcs
  7 giant cockroaches
  A gnoll zombie (Ossuary)
  14 goblins
  9 hobgoblins
  4 jackals (D:2)
  20 kobolds
  4 quokkas
  5 bats
  6 frilled lizards
  A giant cockroach zombie (D:5)
  4 goblin zombies (Ossuary)
  4 hobgoblin zombies (Ossuary)
  4 jackal zombies (Ossuary)
  2 kobold zombies (Ossuary)
  A quokka skeleton (D:5)
  7 quokka zombies
  5 rats
  2 rat zombies (Ossuary)
342 creatures vanquished.

Notes
Turn   | Place    | Note
-------+----------+-------------------------------------------
     0 | Abyss:1  | Fortress the Minotaur Abyssal Knight began the quest for
                  | the Orb.
     0 | Abyss:1  | Reached XP level 1. HP: 19/19 MP: 1/1
    43 | Abyss:1  | Noticed a chaos spawn
    57 | D:1      | Escaped the Abyss
   116 | D:1      | Reached XP level 2. HP: 22/27 MP: 2/2
   439 | D:1      | Reached * piety under Lugonu
   682 | D:1      | Reached XP level 3. HP: 31/34 MP: 3/3
  1327 | D:2      | Reached XP level 4. HP: 35/41 MP: 4/4
  1332 | D:2      | Found a faded altar of an unknown god.
  1355 | D:2      | Found a blossoming altar of Fedhas.
  1355 | D:2      | Found a hide-covered altar of Uskayaw.
  1390 | D:2      | Reached ** piety under Lugonu
  2041 | D:3      | Noticed Robin
  2050 | D:3      | Reached skill level 5 in Fighting
  2061 | D:3      | Killed Robin
  2061 | D:3      | Reached XP level 5. HP: 25/48 MP: 5/5
  2695 | D:4      | Got a faintly glowing war axe
  2696 | D:4      | Identified the +12 war axe "Xocwi" {chop, SInv} (You found
                  | it on level 4 of the Dungeon)
  2708 | D:4      | Found a sand-covered staircase.
  2718 | D:4      | Reached skill level 5 in Long Blades
  2845 | Ossuary  | Entered an ossuary
  2855 | Ossuary  | Reached *** piety under Lugonu
  2861 | Ossuary  | Reached skill level 1 in Axes
  2861 | Ossuary  | Reached XP level 6. HP: 50/56 MP: 6/6
  2881 | Ossuary  | Reached skill level 2 in Axes
  3067 | Ossuary  | Reached skill level 3 in Axes
  3068 | Ossuary  | Reached XP level 7. HP: 18/63 MP: 7/7
  3311 | Ossuary  | Reached skill level 4 in Axes
  3352 | Ossuary  | Reached skill level 5 in Axes
  3379 | Ossuary  | Reached **** piety under Lugonu
  4493 | D:5      | Entered Level 5 of the Dungeon
  4540 | D:5      | Reached skill level 6 in Axes
  4540 | D:5      | Reached XP level 8. HP: 71/71 MP: 8/8
  4950 | D:5      | Found a staircase to the Ecumenical Temple.
  4957 | D:5      | Got an ancient hunting sling
  4958 | D:5      | Identified the +5 hunting sling of Flawed Execution {venom,
                  | Str+5} (You found it on level 5 of the Dungeon)
  4974 | Temple   | Entered the Ecumenical Temple
  5092 | D:5      | Found an iron altar of Okawaru.
  5210 | D:6      | Reached skill level 7 in Axes
  5342 | D:6      | Reached skill level 8 in Axes
  5681 | D:6      | You fall into a shaft and drop 3 floors!
  5689 | D:9      | Reached skill level 9 in Axes
  5701 | D:9      | Reached XP level 9. HP: 48/81 MP: 9/9
  5939 | D:9      | Reached skill level 5 in Armour
  5940 | D:9      | Reached ***** piety under Lugonu
  5940 | D:9      | Reached skill level 10 in Axes
  6094 | D:9      | Reached skill level 11 in Axes
  6253 | D:9      | Found a staircase to the Orcish Mines.
  6371 | D:9      | Reached skill level 5 in Dodging
  6401 | D:9      | Reached skill level 12 in Axes
  6401 | D:9      | Reached XP level 10. HP: 74/90 MP: 10/10
  6761 | D:8      | Found a shattered altar of Ashenzari.
  6884 | D:8      | Noticed Maurice
  6885 | D:8      | Found a sacrificial altar of Ru.
  6906 | D:8      | Killed Maurice
  6906 | D:8      | Reached skill level 13 in Axes
  7116 | D:8      | Found a shimmering altar of Xom.
  7196 | D:8      | Found a shimmering altar of Xom.
  7197 | D:8      | Found a stormy altar of Qazlal.
  7453 | D:7      | Found Korghemn's Book Shop.
  7516 | D:7      | Found a hazy altar of Hepliaklqana.
  7560 | D:7      | Noticed an unseen horror
  7561 | D:7      | Found Hennod's Magic Scroll Boutique.
  7567 | D:7      | Killed an unseen horror
  7570 | D:7      | Bought a scroll of fear for 45 gold pieces
  7570 | D:7      | Bought a scroll of holy word for 97 gold pieces
  7570 | D:7      | Bought a scroll of amnesia for 45 gold pieces
  7570 | D:7      | Bought a scroll of identify for 26 gold pieces
  7912 | D:7      | Found Sew Hequ's Distillery.
  7922 | D:7      | Bought a potion of mutation for 96 gold pieces
  7922 | D:7      | Bought a potion of curing for 36 gold pieces
  7922 | D:7      | Bought a potion of heal wounds for 60 gold pieces
  7969 | D:7      | Found a runed translucent door.
  7970 | D:7      | Noticed Crazy Yiuf
  7976 | D:7      | Killed Crazy Yiuf
  8025 | D:7      | Found Gixikke's Assorted Antiques.
  8408 | D:9      | Reached XP level 11. HP: 89/97 MP: 11/11
  8674 | Orc:1    | Entered Level 1 of the Orcish Mines
  8689 | Orc:1    | Noticed Urug
  8693 | Orc:1    | Reached skill level 14 in Axes
  8711 | Orc:1    | Killed Urug
  8922 | Orc:1    | Reached ****** piety under Lugonu
  9383 | Orc:1    | Reached skill level 10 in Fighting
  9794 | Orc:2    | Entered Level 2 of the Orcish Mines
  9838 | Orc:2    | Found a staircase to the Elven Halls.
 10023 | Orc:2    | Noticed an orc knight
 10024 | Orc:2    | Noticed an orc knight
 10031 | Orc:2    | Noticed an orc knight
 10034 | Orc:2    | HP: 2/99 [orc knight/bolt (10)]
 10075 | Orc:1    | HP: 5/100 [orc knight/bolt (17)]
 10077 | Orc:1    | Shot with a bolt by an orc knight

Levels and vault maps discovered:
D:1:      giann_wishing_wells, layout_basic
D:2:      minmay_spotlight, layout_basic,
          chequers_temple_overflow_statue_of_worship,
          chequers_ecumenical_altar_island
D:3:      layout_loops_cross, first_ration, uniq_robin
D:4:      layout_layer_cave, nicolae_ossuary_entry_plus
D:5:      layout_loops_ring, kennysheep_okawaru_gauntlet,
          minmay_temple_entry_trees, minmay_misc_feat_diagonals
D:6:      layout_cave_pods, grunt_decor_fettered
D:7:      layout_basic, overflow_temple_1_default, serial_shops, shop,
          nicolae_shop_statue_plus, shop, shop, uniq_crazy_yiuf_cottage
D:8:      layout_layer_cave, old_standard_altar, grunt_temple_overflow_open,
          basic_altar, ashenzari_altar_1, uniq_maurice
D:9:      kennysheep_housing_project, layout_stronghold, david_orc_3,
          hangedman_pestilent_swarm, kennysheep_generic_room_7
Temple:   minmay_freezing_vapour_temple
Orc:1:    layout_caves, uniq_urug
Orc:2:    st_orc_rangers, layout_diamond_mine, basic_altar

Skill      XL: |  1  2  3  4  5  6  7  8  9 10 11 |
---------------+----------------------------------+-----
Fighting       | 4 5 6 7 8 9 10 | 10.2
Armour         | 3 4 6 8 |  8.6
Long Blades    | 3 4 5 |  5.0
Dodging        | 2 3 4 5 6 |  6.2
Axes           | 1 3 6 9 12 13 14 | 14.7
Invocations    | 2 |  2.1

Action                   |  1- 3 |  4- 6 |  7- 9 | 10-12 || total
-------------------------+-------+-------+-------+-------++-------
Melee: Falchion          |    67 |    91 |       |       ||   158
       Headbutt          |    13 |    17 |    18 |    32 ||    80
       War axe           |       |    46 |   177 |   273 ||   496
Invok: Depart the Abyss  |     1 |       |       |       ||     1
       Bend Space        |       |       |       |     5 ||     5
 Abil: Evoke Invisibilit |       |       |       |     2 ||     2
  Use: Scroll            |       |     6 |     5 |     5 ||    16
       Potion            |       |       |       |     4 ||     4
  Eat: Chunk             |     1 |     3 |     7 |    11 ||    22
       Ration            |       |     1 |     1 |       ||     2
Armor: Leather armour    |    15 |    65 |    15 |       ||    95
       Robe              |       |       |    11 |       ||    11
       Chain mail        |       |       |    40 |    97 ||   137
       Skin              |       |       |       |     2 ||     2
       Scale mail        |       |       |       |    37 ||    37
Dodge: Dodged            |    45 |    93 |   101 |   166 ||   405
       Rpst.: Falchion   |    10 |    17 |       |       ||    27
